AoeStats
← amyfp

Black Forest

506081846Analyzed
1v1 RM · 20d ago on Sep 12, 2026· 52m 30s· 2 players
Game mode
Random Map
Map size
Tiny (2 player)
Population
200
Speed
Normal
Resources
Standard
Victory
Conquest
Starting age
Dark Age
Ending age
Imperial Age
RankedLock teamsTeams togetherTeam positionsShared explorationLock speedFull tech treeHidden civsTurbo modeCheats
Victory
Defeat
🇨🇦 Khmer · Canada
257
+13
🇬🇧 Burgundians · United Kingdom
196
-13
lisamskelton
10:14 Feudal Age
14:22 Horse Collar
15:48 Wheelbarrow
17:15 Double-Bit Axe
17:22 Man-at-Arms
29:31 Castle Age
28:02 Heavy Plow
29:04 Bow Saw
30:10 Pikeman
33:04 Gold Mining
33:46 Long Swordsman
36:24 Hand Cart
36:35 Town Watch
38:18 Town Patrol
39:31 Stone Mining
43:19 Imperial Age
43:14 Light Cavalry
48:08 Scale Barding Armor
48:14 Forging
50:40 Burgundian Vineyards
51:05 Two-Handed Swordsman
51:36 Cavalier
amyfp
10:27 Feudal Age
16:56 Castle Age
24:55 Horse Collar
25:32 Gold Mining
31:06 Double-Bit Axe
33:37 Bow Saw
33:38 Scale Barding Armor
33:34 Scale Mail Armor
35:34 Padded Archer Armor
35:57 Forging
37:32 Bloodlines
37:26 Husbandry
37:38 Stone Mining
38:41 Gold Shaft Mining
40:05 Heavy Plow
43:28 Imperial Age
42:32 Stone Shaft Mining
43:32 Elite Battle Elephant
Connection lost

Rejoining the realm…

Still unreachable

The connection could not be restored.

Session expired

The server has moved on; the page needs a fresh start.